 Dungeon Crawl Stone Soup version 0.18.1-6-gd335043 (webtiles) character file.

52056 Arkorax the Brawler (level 14, -7/122 HPs)
             Began as a Troll Monk on May 16, 2016.
             Was the Champion of Qazlal.
             Mangled by a large abomination (21 damage)
             ... on level 3 of the Abyss.
             The game lasted 00:32:14 (16414 turns).

Arkorax the Brawler (Troll Monk)                   Turns: 16414, Time: 00:32:15

Health: -7/122     AC: 16    Str: 28      XL:     14   Next: 25%
Magic:  0/16       EV: 16    Int: 13 (16) God:    Qazlal [******]
Gold:   972        SH:  0    Dex: 19      Spells: 0 memorised, 13 levels left

rFire  . . .     SeeInvis .       - Unarmed
rCold  . . .     Gourm    +     V - +5 robe of Absence {Str-2 Int+5}
rNeg   . . .     Faith    .     (no shield)
rPois  .         Spirit   +     P - +2 hat {Spirit}
rElec  .         Dismiss  .     c - +0 cloak
rCorr  .         Reflect  .     (gloves unavailable)
SustAt +         Harm     .     (boots unavailable)
MR     +....                    H - amulet of rage
Stlth  +.........               a - ring of sustain attributes
                                v - +3 ring of strength

@: confused, mighty, brilliant, agile, exhausted, protected from physical
damage, very slightly contaminated, hasted and slowed, repel missiles, somewhat
resistant to hostile enchantments, very unstealthy
A: unfitting armour, claws 3, blurry vision 1, clumsy 1, deterioration 1, fast
metabolism 3, frail 2, gourmand, low mp 2, regeneration 2, shaggy fur 1, tough
skin 2
a: Upheaval, Elemental Force, Disaster Area, Renounce Religion, Evoke Berserk
Rage


You were on level 3 of the Abyss.
You worshipped Qazlal.
Qazlal was exalted by your worship.
You were not hungry.

You visited 3 branches of the dungeon, and saw 19 of its levels.
You visited the Abyss 1 time.
You also visited: Labyrinth.

You collected 1142 gold pieces.
You spent 170 gold pieces at shops.

Inventory:

Hand Weapons
 F - a +2 demon trident of electrocution
Missiles
 e - 2 javelins (quivered)
Armour
 c - a +0 cloak (worn)
 n - a +4 gold dragon armour
 P - a +2 hat of spirit shield (worn)
 V - the +5 robe of Absence (worn) {Str-2 Int+5}
   (You found it in a labyrinth)

   It affects your strength (-2).
   It affects your intelligence (+5).
Rods
 M - a +0 iron rod (11/11)
   (You found it on level 6 of the Dungeon)
 T - a +4 rod of ignition (13/13)
   (You found it in a labyrinth)
Jewellery
 a - a ring of sustain attributes (right claw)
 v - a +3 ring of strength (left claw)
 y - a cursed ring of teleportation {unknown}
 H - an amulet of rage (around neck)
Wands
 l - a wand of digging (11/24)
 m - a wand of disintegration (1/24)
 t - a wand of digging (17/24)
 I - a wand of enslavement (8/24)
 J - a wand of lightning (6/15)
 W - a wand of lightning (8/15)
Scrolls
 d - 4 scrolls of identify
 i - a scroll of fog
 o - 5 scrolls of teleportation
 q - 2 scrolls of fear
 u - a scroll of amnesia
 C - a scroll of recharging
 G - 9 scrolls of remove curse
 X - 2 scrolls of blinking
 Z - a scroll of magic mapping
Potions
 j - 2 potions of might
 z - 5 potions of flight
 A - 3 potions of degeneration
Miscellaneous
 L - a phial of floods (inert)
Comestibles
 b - 11 bread rations
 h - 2 slices of pizza
 p - 47 fruits
 r - 7 meat rations
 x - 3 royal jellies
 B - 6 beef jerkies


   Skills:
 * Level 13.5 Fighting
 - Level 2.4 Dodging
 - Level 1.1 Stealth
 * Level 16.0 Unarmed Combat
 + Level 9.6 Invocations


You had 13 spell levels left.
You didn't know any spells.

Dungeon Overview and Level Annotations

Branches:
Dungeon (11/15)            Temple (1/1) D:6            Lair (7/8) D:11
  Swamp (0/4) Lair:3        Snake (0/4) Lair:3        Slime (0/6) Lair:6
    Orc: D:9-12

Altars:
Ashenzari
Cheibriados
Dithmenos
Elyvilon
Fedhas
Gozag
Kikubaaqudgha
Makhleb
Nemelex Xobeh
Okawaru
Pakellas
Qazlal
Ru
Sif Muna
Trog
Vehumet
Xom
Yredelemnul
Zin
The Shining One
Jiyva

Shops:
D:4 (   D:6 (   D:7 *   D:11 *

Portals:
Trove: D:11 (give +3 shadow dragon armour)

Annotations:
Lair:7 Rupert
Abyss:3 3 runed doors


Innate Abilities, Weirdness & Mutations

You are too large for most types of armour.
You have claws for hands.
Your metabolism is lightning-fast.
You like to eat raw meat.
You heal very quickly.
You are covered in fur (AC +1).
You have very tough skin (AC +2).
Scrolls take you a little longer to read.
You are clumsy. (Dex -2)
Your body sometimes deteriorates upon taking damage.
You are very frail (-20% HP).
Your magical capacity is very low (-20% MP).


Message History

You are more confused.
Unknown command.
You closely miss the quasit. You claw the quasit!
You kill the quasit!
Qazlal accepts your kill.
The giant orange brain pulsates.
The giant orange brain radiates an aura of fear!
You are terrified of the giant orange brain!
The golden eye blinks at you.
You are more confused.
The large abomination is struck by lightning.
The large abomination misses you.
Jolted by the loud noise, you snap out of your terror!
You are no longer terrified.
You're too confused to move!
The giant orange brain pulsates.
Something tries to feed on your intellect!
The large abomination completely misses you.
The large abomination hits you!!
You die...

#..## ...... #.
+.G#..#.....+..#
. #z#.......##..
#.
###......##..#
.........G.....
.
####..#####x..#
..#.φz#x.#
#.>##≈##G#
##..#+#X@#
##≈..≈X.#
###..### ####


You could see a shining eye, a giant orange brain, 2 large abominations, 2 small
abominations, 2 flying skulls and a golden eye.

Vanquished Creatures
  A bone dragon (Abyss:3)
  Gastronok (D:9)
  Maud (Lair:5)
  A cacodemon (Abyss:3)
  Snorg (Lair:5)
  A minotaur (Lab)
  3 hydras
  6 death yaks (Lair:6)
  A spriggan (Lair:6)
  An unseen horror (D:10)
  The ghost of onursoysal the Grappler, a novice TrMo of Okawaru (D:7)
  2 giant orange brains (Abyss:3)
  2 hill giants
  A deep elf mage (D:10)
  An ugly thing (D:11)
  2 oklob plants
  A griffon (Lair:6)
  A shining eye (Abyss:3)
  2 centaur zombies (D:11)
  A smoke demon (Abyss:3)
  13 spiny frogs
  A centaur skeleton (D:11)
  10 black mambas
  A rime drake (Lair:3)
  6 komodo dragons
  4 trolls
  Grinder (D:4)
  A two-headed ogre (D:11)
  10 blink frogs
  A flying skull (Abyss:3)
  29 yaks
  A human (D:10)
  3 golden eyes (Abyss:3)
  3 basilisks
  2 neqoxecs (Abyss:3)
  2 hungry ghosts
  2 steam dragons
  9 small abominations (Abyss:3)
  9 hippogriffs
  6 swamp worms (Lair:3)
  14 water moccasins
  6 porcupines
  2 sky beasts (D:10)
  3 black bears
  An orc warrior (D:11)
  2 ice beasts
  A wasp (Lair:6)
  6 wolves (Lair:1)
  6 ogres
  A necrophage (D:10)
  15 centaurs
  9 crocodiles
  3 big kobolds
  10 giant frogs
  A wyvern skeleton (D:6)
  2 scorpions (D:9)
  18 killer bees
  13 wights
  4 electric eels
  A howler monkey (D:4)
  4 lava snakes (Lab)
  4 crimson imps
  A giant frog zombie (D:6)
  A jelly (D:9)
  9 orc priests
  2 quasits
  A giant frog skeleton (D:4)
  8 hounds
  14 iguanas
  4 worker ants
  11 orc wizards
  A killer bee zombie (D:10)
  11 sheep
  A hound zombie (D:5)
  A worker ant zombie (D:10)
  8 gnolls (D:7)
  2 howler monkey skeletons
  11 adders
  59 river rats
  2 shadow imps
  An ooze (D:2)
  An adder skeleton (D:4)
  A worm (D:2)
  A dart slug (D:1)
  8 giant geckos
  39 orcs
  8 bats
  6 giant cockroaches
  6 goblins
  8 hobgoblins
  12 jackals
  18 kobolds
  5 quokkas
  A ball python (D:1)
  A giant gecko skeleton (D:6)
  6 giant newts
  11 rats
  2 bushes
  A butterfly (Lair:5)
  29 fungi
  9 macabre masses (Abyss:3)
  22 plants
614 creatures vanquished.

Vanquished Creatures (others)
  A neqoxec (Abyss:3)
  A crimson imp (D:10)
  An iguana (D:8)
  A quokka (D:8)
  A bush (Lair:6)
  5 fungi
  A lurking horror (Abyss:3)
  A macabre mass (Abyss:3)
  5 plants
17 creatures vanquished.

Grand Total: 631 creatures vanquished

Notes
Turn   | Place    | Note
--------------------------------------------------------------
     0 | D:1      | Arkorax the Troll Monk began the quest for the Orb.
     0 | D:1      | Reached XP level 1. HP: 22/22 MP: 0/0
   161 | D:1      | Reached XP level 2. HP: 27/29 MP: 1/1
   750 | D:2      | Reached XP level 3. HP: 37/37 MP: 2/2
   842 | D:2      | Found a glowing silver altar of Zin.
   871 | D:2      | Found a shadowy altar of Dithmenos.
  1088 | D:2      | Reached XP level 4. HP: 45/45 MP: 3/3
  1176 | D:2      | Found an oddly glowing altar of Pakellas.
  1504 | D:3      | Reached skill level 5 in Unarmed Combat
  1619 | D:3      | Reached XP level 5. HP: 40/54 MP: 4/4
  1738 | D:3      | Found a shimmering altar of Xom.
  1738 | D:3      | Found a burning altar of Makhleb.
  1739 | D:3      | Found a shattered altar of Ashenzari.
  2264 | D:4      | Reached XP level 6. HP: 62/62 MP: 5/5
  2275 | D:4      | Reached skill level 6 in Unarmed Combat
  2334 | D:4      | Reached skill level 5 in Fighting
  2334 | D:4      | Reached XP level 7. HP: 36/72 MP: 6/6
  2372 | D:4      | Noticed Grinder
  2453 | D:4      | Killed Grinder
  2453 | D:4      | Reached skill level 7 in Unarmed Combat
  2477 | D:4      | Found Zovirpha's Antique Weapon Shop.
  2485 | D:4      | Bought a faintly glowing flail for 170 gold pieces
  2485 | D:4      | Identified the +1 flail of Pyemun {crush, rPois} (You bought it in a shop on level 4 of the Dungeon)
  2983 | D:5      | Entered Level 5 of the Dungeon
  3183 | D:5      | Reached XP level 8. HP: 83/83 MP: 7/7
  3282 | D:5      | Reached skill level 8 in Unarmed Combat
  3341 | D:5      | Found a sacrificial altar of Ru.
  4120 | D:6      | Found a deep blue altar of Sif Muna.
  4273 | D:6      | Found an iron altar of Okawaru.
  4319 | D:6      | Found Yquts's Weapon Shoppe.
  4326 | D:6      | Reached skill level 9 in Unarmed Combat
  4371 | D:6      | Found a staircase to the Ecumenical Temple.
  4457 | Temple   | Entered the Ecumenical Temple
  4583 | Temple   | Became a worshipper of Qazlal Stormbringer
  4583 | Temple   | Reached * piety under Qazlal
  4583 | Temple   | Reached ** piety under Qazlal
  5038 | D:7      | Reached XP level 9. HP: 88/93 MP: 8/8
  5195 | D:7      | Reached skill level 1 in Invocations
  5196 | D:7      | Found an ancient bone altar of Kikubaaqudgha.
  5672 | D:7      | Found an opulent altar of Gozag.
  5724 | D:7      | Found a snail-covered altar of Cheibriados.
  5736 | D:7      | Reached skill level 10 in Unarmed Combat
  5738 | D:7      | Noticed onursoysal's ghost (novice TrMo)
  5749 | D:7      | Killed onursoysal's ghost
  6009 | D:7      | Reached *** piety under Qazlal
  6109 | D:7      | Found Teoffom's General Store.
  6288 | D:8      | Found a radiant altar of Vehumet.
  6880 | D:9      | Reached XP level 10. HP: 88/106 MP: 11/11
  7154 | D:9      | Reached skill level 11 in Unarmed Combat
  7214 | D:9      | Noticed Gastronok
  7239 | D:9      | Killed Gastronok
  7385 | D:9      | Reached **** piety under Qazlal
  7531 | D:10     | Entered Level 10 of the Dungeon
  7534 | D:10     | Noticed a hill giant
  7560 | D:10     | Killed a hill giant
  7731 | D:10     | Reached skill level 12 in Unarmed Combat
  7731 | D:10     | Reached XP level 11. HP: 115/117 MP: 13/13
  7785 | D:10     | Killed an unseen horror
  7785 | D:10     | Reached skill level 5 in Invocations
  7907 | D:10     | Reached skill level 10 in Fighting
  7967 | D:10     | Gained mutation: You are frail (-10% HP). [mutagenic meat]
  8055 | D:10     | Gained mutation: Your flesh is heat resistant. [potion of mutation]
  8055 | D:10     | Gained mutation: Your mind is acute. (Int +2) [potion of mutation]
  8055 | D:10     | Gained mutation: You are occasionally teleported next to monsters. [potion of mutation]
  8057 | D:10     | Lost mutation: Your flesh is heat resistant. [potion of cure mutation]
  8057 | D:10     | Lost mutation: You are frail (-10% HP). [potion of cure mutation]
  8057 | D:10     | Lost mutation: Your mind is acute. (Int +2) [potion of cure mutation]
  8184 | D:10     | Noticed a deep elf mage
  8193 | D:10     | Killed a deep elf mage
  8293 | D:11     | Noticed a white ugly thing
  8301 | D:11     | Found a labyrinth entrance.
  8310 | Lab      | Entered a labyrinth
  8474 | Lab      | Noticed a minotaur
  8481 | Lab      | Killed a minotaur
  8504 | Lab      | Identified the Reference Book on Talismans and the Blaze
  8505 | Lab      | Got a silken robe
  8516 | Lab      | Identified the +5 robe of Absence {Str-2 Int+5} (You found it in a labyrinth)
  8544 | D:11     | Killed a white ugly thing
  8765 | D:11     | Reached ***** piety under Qazlal
  8867 | D:11     | Reached skill level 13 in Unarmed Combat
  8891 | D:11     | Noticed a hill giant
  8908 | D:11     | Killed a hill giant
  8960 | D:11     | Reached XP level 12. HP: 84/130 MP: 10/15
  9025 | D:11     | Found a portal to a secret trove of treasure.
  9175 | D:11     | Found a staircase to the Lair.
  9277 | D:11     | Found Cedgh's Commerce Corner.
  9541 | Lair:1   | Entered Level 1 of the Lair of Beasts
  9778 | Lair:1   | Noticed an eight-headed hydra
  9794 | Lair:1   | Killed an eight-headed hydra
  9881 | Lair:1   | Identified a scroll of acquirement
 10494 | Lair:2   | Lost mutation: You are occasionally teleported next to monsters. [potion of cure mutation]
 10728 | Lair:2   | Reached skill level 14 in Unarmed Combat
 11922 | Lair:3   | Reached XP level 13. HP: 119/140 MP: 15/17
 12155 | Lair:3   | Found a staircase to the Snake Pit.
 12545 | Lair:3   | Found a staircase to the Swamp.
 13013 | Lair:4   | Found a shimmering altar of Xom.
 13237 | Lair:4   | Reached ****** piety under Qazlal
 13705 | Lair:5   | Noticed Maud
 13720 | Lair:5   | Killed Maud
 13720 | Lair:5   | Reached skill level 15 in Unarmed Combat
 13839 | Lair:5   | Noticed Snorg
 13854 | Lair:5   | Killed Snorg
 14500 | Lair:5   | Found a basalt altar of Yredelemnul.
 14861 | Lair:6   | Found a staircase to the Slime Pits.
 14861 | Lair:6   | Found a viscous altar of Jiyva.
 16109 | Lair:7   | Reached XP level 14. HP: 128/153 MP: 16/20
 16247 | Lair:7   | Noticed Rupert
 16249 | Lair:7   | Paralysed by Rupert for 4 turns
 16257 | Lair:7   | Paralysed by Rupert for 7 turns
 16262 | Lair:7   | Cast into level 3 of the Abyss (Rupert)
 16282 | Abyss:3  | Noticed a cacodemon
 16302 | Abyss:3  | Noticed a bone dragon
 16302 | Abyss:3  | Killed a cacodemon
 16313 | Abyss:3  | Gained mutation: Your body sometimes deteriorates upon taking damage. [a neqoxec]
 16314 | Abyss:3  | Gained mutation: Your magical capacity is low (-10% MP). [a neqoxec]
 16315 | Abyss:3  | Gained mutation: You are frail (-10% HP). [a neqoxec]
 16324 | Abyss:3  | Killed a bone dragon
 16334 | Abyss:3  | Reached skill level 16 in Unarmed Combat
 16342 | Abyss:3  | Found a runed door.
 16342 | Abyss:3  | Found a runed door.
 16349 | Abyss:3  | Gained mutation: Your magical capacity is very low (-20% MP). [a neqoxec]
 16354 | Abyss:3  | Gained mutation: You are very frail (-20% HP). [a neqoxec]
 16363 | Abyss:3  | Gained mutation: You are clumsy. (Dex -2) [a neqoxec]
 16365 | Abyss:3  | Gained mutation: Scrolls take you a little longer to read. [a neqoxec]
 16407 | Abyss:3  | Found a runed door.
 16414 | Abyss:3  | Mangled by a large abomination

Skill      XL: |  1  2  3  4  5  6  7  8  9 10 11 12 13 14 |
---------------+-------------------------------------------+-----
Fighting       | 3 4 5 6 7 8 9 11 12 13 | 13.5
Unarmed Combat | 5 6 7 9 10 12 13 14 15 16 | 16.0
Invocations    | 3 4 6 7 9 |  9.6
Dodging        | |  2.4
Stealth        | |  1.1

Action                   |  1- 3 |  4- 6 |  7- 9 | 10-12 | 13-15 || total
-------------------------+-------+-------+-------+-------+-------++-------
Melee: Unarmed           |    97 |   138 |   320 |   634 |   425 ||  1614
       Punch             |     2 |     5 |    16 |    30 |    38 ||    91
Invok: Upheaval          |       |       |       |     4 |     4 ||     8
Evoke: Wand              |       |       |     5 |     1 |       ||     6
       Phial of floods   |       |       |       |       |     1 ||     1
  Use: Scroll            |       |       |     2 |    16 |     9 ||    27
       Potion            |       |       |       |    12 |    15 ||    27
 Stab: Sleeping          |     4 |     1 |     1 |       |       ||     6
       Distracted        |       |       |     1 |       |       ||     1
       Invisible         |       |       |       |       |     2 ||     2
  Eat: Chunk             |    15 |    12 |    39 |    57 |    31 ||   154
       Bread ration      |       |       |     1 |       |     1 ||     2
Armor: Robe              |    55 |    51 |   105 |   178 |   137 ||   526
       Skin              |       |       |       |    20 |       ||    20
Dodge: Dodged            |    49 |    81 |   121 |   238 |   244 ||   733
       Deflected         |       |       |       |    10 |     1 ||    11
Block: Other             |       |       |    19 |   134 |   116 ||   269
